 Dungeon Crawl Stone Soup version 0.29-a0-243-g602b31c20e (webtiles) character file.

Game seed: 6649000275852593294

219 sammy202020 the Skirmisher (level 5, -3/43 HPs)
             Began as a Demonspawn Berserker on Mar 5, 2022.
             Was a Believer of Trog.
             Slain by a kobold brigand
             ... wielding a +4 dagger of speed
              (7 damage)
             ... on level 3 of the Dungeon.
             The game lasted 00:04:54 (4389 turns).

sammy202020 the Skirmisher (Demonspawn Berserker)   Turns: 4389, Time: 00:04:59

Health: -3/43      AC:  4    Str: 17    XL:     5   Next: 64%
Magic:  0/5        EV: 12    Int: 10    God:    Trog [**....]
Gold:   143        SH:  0    Dex: 13    Spells: 4/4 levels left

rFire   . . .      SeeInvis .   p - +0 war axe
rCold   . . .      Faith    .   (no shield)
rNeg    . . .      Spirit   +   b - +1 animal skin
rPois   .          Reflect  .   (no helmet)
rElec   .          Harm     .   (no cloak)
rCorr   +          Rampage  .   (no gloves)
Will    ++...                   (no boots)
Stlth   +.........              e - amulet of guardian spirit
HPRegen 1.14/turn               o - ring of resist corrosion
MPRegen 0.18/turn               (no ring)

@: strong-willed (expiring), on berserk cooldown, regenerating (expiring),
slowed, very slow
A: rugged brown scales 1, magic regeneration
a: Renounce Religion, Berserk, Trog's Hand


You were on level 3 of the Dungeon.
You worshipped Trog.
Trog was pleased with you.
You visited 1 branch of the dungeon, and saw 3 of its levels.

You collected 143 gold pieces.

Inventory:

Hand Weapons
 i - a +0 mace
 p - a +0 war axe (weapon)
Armour
 b - a +1 animal skin (worn)
 g - a +0 leather armour
Jewellery
 e - an amulet of guardian spirit (around neck)
 o - a ring of resist corrosion (left hand)
Wands
 a - a wand of flame (10)
Scrolls
 d - 2 scrolls of teleportation
 j - a scroll of identify
Potions
 c - a potion of brilliance
 f - 4 potions of curing
 h - a potion of cancellation


   Skills:
 + Level 4.1 Fighting
 + Level 3.7 Axes
 + Level 3.0 Armour
 + Level 3.0 Dodging


You had 4 spell levels left.
You didn't know any spells.
Your spell library was empty.

Dungeon Overview and Level Annotations

Branches:
Dungeon (3/15)

Altars:

Shops:
D:3 (


Innate Abilities, Weirdness & Mutations

You are partially covered in rugged brown scales. (AC +1, +3% HP)
You regenerate magic rapidly.


Message History

You slash the kobold brigand!
You kill the kobold brigand!
Trog accepts your kill.
You completely miss the kobold brigand.
You feel sick. The kobold brigand closely misses you.
Your Fighting skill increases to level 4!
Your Armour skill increases to level 3!
Your Dodging skill increases to level 3!
You closely miss the kobold brigand.
The kobold brigand is severely wounded.
You feel sick. The kobold brigand barely misses you.
The kobold brigand closely misses you.
You barely miss the kobold brigand.
The kobold brigand is severely wounded.
You feel sick.
The kobold brigand hits you with a +4 dagger of speed.
* * * LOW HITPOINT WARNING * * *
You hit the kobold brigand.
The kobold brigand is severely wounded.
You feel sick. The kobold brigand barely misses you.
You closely miss the kobold brigand.
The kobold brigand is severely wounded.
You feel the effects of Trog's Hand fading.
You feel sick.
You are no longer poisoned.
The kobold brigand hits you with a +4 dagger of speed.
* * * LOW HITPOINT WARNING * * *
You miss the kobold brigand.
The kobold brigand is severely wounded.
The kobold brigand hits you with a +4 dagger of speed.
* * * LOW HITPOINT WARNING * * *
The kobold brigand hits you with a +4 dagger of speed.
* * * LOW HITPOINT WARNING * * *
You closely miss the kobold brigand.
The kobold brigand is severely wounded.
You are no longer berserk.
You are exhausted.
You feel yourself slow down.
The kobold brigand hits you with a +4 dagger of speed!
You die...

#.############
#.#
#..........#
#.######
#########..#
#....... #..#
#..##.## #..#
# #..##.##
##..# ≈#
#.......
#..##≈≈##
##.>###.
#))#≈≈≈≈#
#......
#)@#≈≈≈≈#
##.#^#.
#K)#≈≈≈≈#
#.##..
#..##≈≈##
#.###. ##..
≈≈# #.# #. #..
≈# #.# #. ##..
# #.###. ..
####..... ..#
#.....##.
#.##.###.


You could see a kobold brigand.

Vanquished Creatures
  A kobold brigand (D:3)
  An iguana (D:3)
  4 adders
  2 worms
  2 dart slugs
  7 ball pythons
  8 endoplasms
  3 giant cockroaches
  6 goblins
  9 hobgoblins
  4 jackals (D:1)
  6 kobolds
  3 quokkas (D:1)
  7 bats
  6 frilled lizards
  5 rats
74 creatures vanquished.

Notes
Turn   | Place    | Note
-------+----------+-------------------------------------------
     0 | D:1      | sammy202020 the Demonspawn Berserker began the quest for
                  | the Orb.
     0 | D:1      | Reached XP level 1. HP: 18/18 MP: 1/1
   304 | D:1      | Gained mutation: You regenerate magic rapidly. [demonic
                  | ancestry]
   304 | D:1      | Reached XP level 2. HP: 24/24 MP: 2/2
   488 | D:1      | Found a faded altar of an unknown god.
  1152 | D:1      | Reached XP level 3. HP: 26/29 MP: 3/3
  1799 | D:2      | Reached ** piety under Trog
  2886 | D:2      | Gained mutation: You are partially covered in rugged brown
                  | scales. (AC +1, +3% HP) [demonic ancestry]
  2886 | D:2      | Reached XP level 4. HP: 29/37 MP: 4/4
  3754 | D:3      | Found Papram's Antique Weapon Boutique.
  4024 | D:3      | Reached XP level 5. HP: 42/43 MP: 3/5
  4384 | D:3      | Reached skill level 4 in Fighting
  4389 | D:3      | Slain by a kobold brigand

Illustrated notes

Levels and vault maps discovered:
D:1:      onia_arrival_mini_spirals, layout_loops_ring,
          ebering_ecumenical_altar_rust, st_stairs_3,
          chequers_serial_rivers_large_b
D:2:      layout_basic
D:3:      cheibrodos_thug_alley, layout_loops_ring, serial_shops,
          nicolae_diamond_shop

Skill      XL: |  1  2  3  4  5 |
---------------+----------------+-----
Armour         | 2 3 |  3.0
Dodging        | 2 3 |  3.0
Axes           | 3 |  3.7
Fighting       | 4 |  4.1

Action                   |  1- 3 |  4- 6 || total
-------------------------+-------+-------++-------
Melee: Hand axe          |   125 |       ||   125
       War axe           |    10 |   108 ||   118
       Punch             |     2 |       ||     2
Invok: Berserk           |     3 |     2 ||     5
       Trog's Hand       |       |     1 ||     1
  Use: Scroll            |    10 |     2 ||    12
Armor: Animal skin       |    28 |    40 ||    68
Dodge: Dodged            |    91 |    90 ||   181

Table legend: (Time is in decaauts)
 A = Elapsed time spent in this place.
 B = Non-inter-level travel time spent in this place.
 C = Inter-level travel time spent in this place.
 D = Time resting spent in this place.
 E = Time spent auto-exploring this place.
 F = Levels seen in this place.
 G = Mean time per level.
                   A        B        C        D        E       F      G
               +--------+--------+--------+--------+--------+-----+--------+
         Total |   4507 |   4438 |     69 |    515 |   3279 |   3 | 1502.3 |
       Dungeon |   4507 |   4438 |     69 |    515 |   3279 |   3 | 1502.3 |
               +--------+--------+--------+--------+--------+-----+--------+

Top non-repeatable levels by time:
     D:1: 1805 daAuts
     D:2: 1403 daAuts
     D:3: 1298 daAuts
